 Dungeon Crawl Stone Soup version 0.30-a0-870-gc5d4c5acee (webtiles) character file.

Game seed: 11296712792406580755

246 cforsyth the Trooper (level 6, -1/51 HPs)
             Began as a Barachi Fighter on Mar 12, 2023.
             Killed by nerve-wracking pain
             ... invoked by Grinder
              (5 damage)
             ... on level 5 of the Dungeon.
             The game lasted 00:04:09 (2936 turns).

cforsyth the Trooper (Barachi Fighter)              Turns: 2936, Time: 00:04:10

Health: -1/51      AC:  8    Str: 18    XL:     6   Next: 11%
Magic:  6/6        EV:  9    Int:  8    God:
Gold:   268        SH:  6    Dex: 13    Spells: 5/5 levels left

rFire   . . .      SeeInvis .    a - +0 long sword
rCold   . . .      Faith    .    c - +1 buckler
rNeg    . . .      Spirit   .    b - +0 scale mail
rPois   .          Reflect  .    (no helmet)
rElec   .          Rampage  .    u - scarf {repulsion}
rCorr   .                        (no gloves)
Will    .....                    v - +0 pair of boots Stlth
                                 (no amulet)
HPRegen 0.28/turn                (no ring)
MPRegen 0.10/turn                (no ring)

@: mighty, repel missiles, slow
A: amphibious, slowness 1, strong legs 1, +LOS
a: Hop


You were on level 5 of the Dungeon.
You visited 1 branch of the dungeon, and saw 5 of its levels.

You collected 268 gold pieces.

Inventory:

Hand Weapons
 a - a +0 long sword (weapon)
Missiles
 o - 4 throwing nets
Armour
 b - a +0 scale mail (worn)
 c - a +1 buckler (worn)
 u - a scarf of repulsion (worn)
 v - a +0 pair of boots (worn)
Jewellery
 r - a ring of poison resistance
Scrolls
 e - a scroll of magic mapping {unknown}
 g - a scroll of enchant armour
 h - a scroll of identify {unknown}
 k - a scroll of silence {unknown}
 l - a scroll of fog {unknown}
 n - a scroll of vulnerability {unknown}
 p - a scroll of amnesia {unknown}
 q - a scroll of noise {unknown}
 s - a scroll of teleportation {unknown}
 t - a scroll of poison {unknown}
Potions
 f - a potion of attraction {unknown}
 i - a potion of brilliance {unknown}
 j - 3 potions of curing {unknown}
 m - a potion of heal wounds {unknown}


   Skills:
 + Level 5.0 Fighting
 + Level 4.2 Long Blades
 + Level 5.0 Armour
 + Level 4.6 Shields


You had 5 spell levels left.
You didn't know any spells.
Your spell library contained the following spells:

 Spells                   Type           Power      Damage    Failure   Level
 Kiss of Death            Conj/Necr      0%         2d5       86%         1
 Summon Small Mammal      Summ           0%         N/A       86%         1
 Call Canine Familiar     Summ           0%         N/A       99%         3
 Confusing Touch          Hex            0%         N/A       99%         3
 Spider Form              Tmut/Pois      0%         N/A       99%         3
 Summon Guardian Golem    Hex/Summ       0%         N/A       99%         3
 Dispel Undead            Necr           0%         3d6       100%        4
 Olgreb's Toxic Radiance  Pois           0%         N/A       100%        4
 Alistair's Intoxication  Tmut/Pois      0%         N/A       100%        5
 Eringya's Noxious Bog    Tmut/Pois      0%         N/A       100%        6


Dungeon Overview and Level Annotations

Branches:
Dungeon (5/15)
 Temple: D:4-7

Altars:

Annotations:
D:5 Grinder


Innate Abilities, Weirdness & Mutations

You are amphibious.
You cover ground slowly.
You can hop short distances.
You have an extended range of vision and can be seen from far away.


Message History

Grinder gestures at you.
You suddenly lose the ability to move!
The ufetubus hits you but does no damage. x2
The giant cockroach bites you. The ufetubus hits you.
The ufetubus hits you but does no damage.
You can move again.
Unknown command.
Unknown command.
Unknown command.
You slash the giant cockroach!
You kill the giant cockroach!
The ufetubus hits you but does no damage.
The ufetubus hits you.
Grinder blinks!
The ufetubus barely misses you. x2
You slash the ufetubus!
You kill the ufetubus!
Grinder says, "There's only one good use for a tongue: cutting it out."
Things that are here:
a +0 whip; an adder corpse Grinder gestures at you.
Pain shoots through your body!
* * * LOW HITPOINT WARNING * * *
Found a leather armour.
Grinder blinks!
Grinder blinks!
You slash Grinder!
Grinder is heavily wounded.
Grinder hits you.
* * * LOW HITPOINT WARNING * * *
You writhe in agony.
* * * LOW HITPOINT WARNING * * *
You barely miss Grinder.
Grinder is heavily wounded.
Grinder hits you.
* * * LOW HITPOINT WARNING * * *
You writhe in agony.
* * * LOW HITPOINT WARNING * * *
You slash Grinder!
Grinder is severely wounded.
Grinder gestures at you. Pain shoots through your body!
You die...

...[. ..... ....
....##
...####.....##
####..#.........#. #
#.................
..#.................
....................
.>.......5..........
#.......@.........
#................#
.##.....)...........
........<#..........
<........##...######
....#.........#
#...#.........#
..............#
...#..........#


You could see Grinder.

Vanquished Creatures
  A phantom (D:4)
  6 gnolls
  4 adders
  An ufetubus (D:5)
  A worm (D:4)
  4 dart slugs
  An orc (D:3)
  4 endoplasms
  4 giant cockroaches
  2 goblins
  4 hobgoblins
  2 jackals (D:3)
  4 kobolds
  6 quokkas
  5 ball pythons
  8 bats
  7 rats
64 creatures vanquished.

Notes
Turn   | Place    | Note
-------+----------+-------------------------------------------
     0 | D:1      | cforsyth the Barachi Fighter began the quest for the Orb.
     0 | D:1      | Reached XP level 1. HP: 18/18 MP: 1/1
    11 | D:1      | Got the Enchiridion on the Gift
   380 | D:1      | Reached XP level 2. HP: 25/25 MP: 2/2
   434 | D:1      | Found a faded altar of an unknown god.
   880 | D:2      | Reached XP level 3. HP: 29/30 MP: 3/3
  1487 | D:3      | Reached XP level 4. HP: 25/37 MP: 4/4
  2207 | D:4      | Noticed a scorpion
  2207 | D:4      | Noticed a scorpion
  2622 | D:3      | Reached XP level 5. HP: 23/43 MP: 5/5
  2784 | D:4      | Noticed a phantom
  2808 | D:4      | Killed a phantom
  2890 | D:4      | Reached skill level 5 in Fighting
  2907 | D:5      | Entered Level 5 of the Dungeon
  2907 | D:5      | Noticed Grinder
  2913 | D:5      | Reached skill level 5 in Armour
  2913 | D:5      | Reached XP level 6. HP: 40/51 MP: 6/6
  2923 | D:5      | Paralysed by Grinder for 2 turns
  2936 | D:5      | Killed from afar by Grinder

Illustrated notes

Levels and vault maps discovered:
D:1:      eino_arrival_cavern_e, layout_basic, serial_rivers,
          chequers_serial_rivers_room_b, chequers_serial_rivers_small_3,
          chequers_serial_rivers_marsh, chequers_serial_rivers_marsh,
          chequers_serial_rivers_room_a, ebering_ecumenical_altar_webs
D:2:      kennysheep_big_flooded_room, layout_basic, hangedman_decor_growths
D:3:      minmay_inner_zag, layout_basic
D:4:      layout_rooms, kennysheep_generic_room_14
D:5:      layout_cave_pools, gammafunk_ghost_necromancy, portal_sewer_entry_e,
          minmay_fractal_squares_gapless_5, uniq_menkaure, uniq_prince_ribbit1,
          uniq_grinder

Skill      XL: |  1  2  3  4  5 |
---------------+----------------+-----
Armour         | 4 5 |  5.0
Fighting       | 4 5 |  5.0
Long Blades    | 3 4 |  4.2
Shields        | 4 |  4.6

Action                     |  1- 3 |  4- 6 || total
---------------------------+-------+-------++-------
  Melee: Long sword        |   132 |   131 ||   263
    Use: Scroll            |       |     1 ||     1
         Potion            |       |     1 ||     1
 Armour: Scale mail        |    72 |    78 ||   150
  Dodge: Dodged            |    70 |    81 ||   151
  Block: Buckler           |    37 |    55 ||    92

Table legend: (Time is in decaauts)
 A = Elapsed time spent in this place.
 B = Non-inter-level travel time spent in this place.
 C = Inter-level travel time spent in this place.
 D = Time resting spent in this place.
 E = Time spent auto-exploring this place.
 F = Levels seen in this place.
 G = Mean time per level.
                   A        B        C        D        E       F      G
               +--------+--------+--------+--------+--------+-----+--------+
         Total |   3385 |   3253 |    132 |    354 |   2230 |   5 |  677.0 |
       Dungeon |   3385 |   3253 |    132 |    354 |   2230 |   5 |  677.0 |
               +--------+--------+--------+--------+--------+-----+--------+

Top non-repeatable levels by time:
     D:3: 1375 daAuts
     D:2: 811 daAuts
     D:1: 770 daAuts
     D:4: 393 daAuts
     D:5: 34 daAuts
